AoeStats
← only1

Arena

510288267Analyzed
4v4 RM · 2d ago on Sep 30, 2026· 47m 24s· 8 players
Game mode
Random Map
Map size
Large (8 player)
Population
200
Speed
Normal
Resources
Standard
Victory
Conquest
Starting age
Dark Age
Ending age
Imperial Age
RankedLock teamsTeams togetherTeam positionsShared explorationLock speedFull tech treeHidden civsTurbo modeCheats
Victory
Defeat
🇫🇷 Danes · France
1034
+14
🇷🇴 Ethiopians · Romania
1006
+15
🇪🇸 Bohemians · Spain
930
+18
🇹🇷 Britons · Türkiye
830
+23
🇨🇳 Mongols · China
1044
-20
🇨🇳 Huns · China
988
-18
🇨🇳 Hindustanis · China
956
-16
🇫🇷 Franks · France
935
-16
only1
10:44 Feudal Age
10:53 Loom
14:50 Castle Age
28:36 Imperial Age
30:29 Husbandry
31:06 Bloodlines
30:17 Heavy Camel Rider
32:50 Imperial Camel Rider
34:50 Fortified Wall
36:07 Stone Mining
36:07 Gold Mining
36:31 Horse Collar
38:04 Chemistry
39:37 Heavy Plow
Eyeskillyou
11:24 Feudal Age
10:41 Loom
13:09 Double-Bit Axe
15:23 Wheelbarrow
17:51 Castle Age
17:39 Gold Mining
20:29 Bow Saw
25:02 Treadmill Crane
25:34 Masonry
25:45 Ballistics
25:37 Fortified Wall
29:40 Imperial Age
27:30 Hand Cart
27:05 Town Watch
30:05 Masonry
29:51 Fletching
30:47 Bodkin Arrow
31:17 Ordonnance Companies
32:34 Husbandry
31:59 Cranequins
33:20 Conscription
33:06 Chivalry
33:08 Cavalier
34:52 Hoardings
34:01 Heavy Mounted Crossbowman
36:15 Chemistry
37:03 Forging
36:59 Scale Barding Armor
36:55 Padded Archer Armor
41:17 Town Patrol
41:25 Siege Engineers
42:27 Elite Skirmisher
43:54 Iron Casting
46:40 Murder Holes
挺拔的象拔蚌
2:58 Loom
8:53 Feudal Age
16:51 Castle Age
14:48 Double-Bit Axe
15:01 Horse Collar
16:27 Stone Mining
19:24 Gold Mining
23:05 Bow Saw
27:31 Heavy Plow
34:23 Imperial Age
35:04 Husbandry
35:15 Bloodlines
36:49 Light Cavalry
38:08 Ballistics
38:26 Conscription
38:36 Forging
38:31 Scale Barding Armor
39:12 Gold Shaft Mining
39:57 Hussar
41:52 Wheelbarrow
41:08 Fletching
42:06 Iron Casting
41:52 Chain Barding Armor
42:18 Chain Barding Armor
42:48 Stone Shaft Mining
45:05 Blast Furnace
44:57 Hand Cart
46:46 Elite Mangudai
47:19 Fletching
2026
0:27 Loom
11:16 Feudal Age
15:02 Castle Age
18:06 Fervor
17:54 Horse Collar
28:46 Imperial Age
28:33 Bloodlines
28:48 Heavy Plow
30:08 Wheelbarrow
30:20 Forging
30:54 Husbandry
31:15 Marauders
30:39 Light Cavalry
31:12 Town Watch
31:29 Elite Tarkan
33:09 Scale Barding Armor
33:27 Gold Mining
35:13 Iron Casting
35:09 Chain Barding Armor
34:37 Hussar
37:09 Blast Furnace
38:03 Plate Barding Armor
38:05 Pikeman
39:56 Fletching
41:15 Stone Mining
40:49 Halberdier
42:07 Murder Holes
42:32 Ballistics
43:13 Chemistry
Nielu256
9:25 Loom
11:12 Feudal Age
12:00 Double-Bit Axe
14:43 Castle Age
12:32 Horse Collar
16:47 Bow Saw
17:45 Heavy Plow
20:43 Loom
24:38 Wheelbarrow
23:48 Town Watch
25:18 Gold Mining
25:18 Stone Mining
29:45 Imperial Age
28:16 Fletching
28:26 Padded Archer Armor
28:27 Scale Mail Armor
28:37 Forging
28:37 Crossbowman
29:26 Bodkin Arrow
30:03 Caravan
30:38 Bracer
30:53 Leather Archer Armor
31:03 Ballistics
30:53 Masonry
31:44 Chemistry
30:55 Fortified Wall
31:22 Guilds
32:50 Ring Archer Armor
31:44 Arbalester
32:29 Thumb Ring
33:09 Conscription
33:26 Siege Engineers
33:52 Architecture
34:08 Halberdier
34:51 Squires
34:36 Arson
34:54 Scale Mail Armor
35:04 Forging
35:50 Squires
35:36 Arson
37:10 Torsion Engines
38:08 Hand Cart
37:53 Town Patrol
38:51 Chain Mail Armor
39:12 Iron Casting
40:35 Two-Man Saw
39:55 Elite Shotel Warrior
40:36 Royal Heirs
40:25 Man-at-Arms
41:38 Plate Mail Armor
42:09 Blast Furnace
41:16 Scale Barding Armor
41:33 Long Swordsman
44:09 Coinage
44:06 Sanctity
43:46 Devotion
44:12 Illumination
43:42 Herbal Medicine
44:23 Theocracy
43:50 Atonement
44:00 Fervor
43:53 Murder Holes
44:09 Clinker Construction
43:49 Guard Tower
43:50 Heated Shot
45:27 Stone Shaft Mining
45:27 Gold Shaft Mining
44:17 Two-Handed Swordsman
44:23 Elite Skirmisher
44:23 Heavy Cavalry Archer
44:32 Capped Ram
44:33 Heavy Scorpion
47:12 Chain Barding Armor
46:16 Light Cavalry
46:17 Cavalier
46:57 Husbandry
46:18 Heavy Camel Rider
gombert.alexandre
0:43 Loom
11:29 Feudal Age
11:55 Double-Bit Axe
16:41 Castle Age
18:30 Wheelbarrow
21:03 Horse Collar
21:39 Bow Saw
23:00 Arson
25:48 Forging
28:09 Gold Mining
28:35 Heavy Plow
30:47 Scale Mail Armor
30:50 Squires
33:09 Chain Mail Armor
32:48 Hamask
34:25 Iron Casting
38:53 Imperial Age
37:38 Hand Cart
39:53 Gold Shaft Mining
38:57 Capped Ram
40:31 Plate Mail Armor
42:04 Elite Jomsviking
46:13 Blast Furnace
alpercetiner66
11:18 Feudal Age
19:03 Castle Age
16:54 Horse Collar
17:18 Double-Bit Axe
17:46 Gold Mining
18:10 Stone Mining
19:03 Loom
19:49 Heavy Plow
20:16 Bow Saw
21:18 Gold Shaft Mining
23:12 Wheelbarrow
22:23 Town Watch
23:34 Treadmill Crane
24:21 Ballistics
25:34 Murder Holes
26:32 Hand Cart
28:40 Yeomen
28:26 Fletching
28:36 Padded Archer Armor
29:29 Town Patrol
30:47 Bodkin Arrow
31:08 Leather Archer Armor
31:02 Caravan
32:51 Coinage
34:32 Masonry
34:33 Fortified Wall
37:54 Imperial Age
39:32 Conscription
39:48 Hoardings
40:16 Two-Man Saw
39:19 Bracer
39:49 Ring Archer Armor
40:21 Chemistry
39:07 Arrowslits
40:01 Architecture
40:11 Warwolf
42:28 Elite Longbowman
44:46 Forging
44:36 Scale Mail Armor
46:59 Banking
46:40 Guilds
Karlos
11:48 Feudal Age
15:36 Castle Age
13:36 Double-Bit Axe
16:54 Bow Saw
16:34 Horse Collar
17:19 Heavy Plow
17:47 Loom
19:35 Loom
20:14 Loom
29:17 Imperial Age
27:25 Wheelbarrow
26:54 Pikeman
27:42 Scale Barding Armor
27:40 Scale Mail Armor
27:50 Forging
29:18 Chemistry
29:18 Hand Cart
30:16 Chain Mail Armor
30:36 Iron Casting
32:59 Ballistics
37:02 Plate Mail Armor
37:32 Blast Furnace
37:34 Halberdier
42:41 Two-Man Saw
43:08 Elite Skirmisher
43:50 Padded Archer Armor
43:41 Fletching
45:22 Leather Archer Armor
45:03 Bodkin Arrow
Connection lost

Rejoining the realm…

Still unreachable

The connection could not be restored.

Session expired

The server has moved on; the page needs a fresh start.